 Dungeon Crawl Stone Soup version 0.19-a0-1457-g32fba05 (webtiles) character file.

2025 Amnesiac the Quickloader (level 9, 0/59 HPs)
             Began as a Kobold Hunter on Sept 7, 2016.
             Was a Believer of Trog.
             Slain by Grinder (2 damage)
             ... while paralysed by Grinder
             ... on level 6 of the Dungeon.
             The game lasted 00:10:57 (7243 turns).

Amnesiac the Quickloader (Kobold Hunter)            Turns: 7243, Time: 00:10:57

Health: 0/59       AC:  6    Str:  9    XL:     9   Next: 47%
Magic:  9/9        EV:  3    Int: 12    God:    Trog [**....]
Gold:   266        SH:  0    Dex: 19    Spells: 0 memorised, 8 levels left

rFire  . . .     SeeInvis .     y - +0 dagger (venom)
rCold  . . .     Gourm    .     c - +0 leather armour
rNeg   . . .     Faith    .     (shield restricted)
rPois  .         Spirit   .     k - +0 helmet (curse)
rElec  .         Dismiss  .     x - +1 cloak
rCorr  .         Reflect  +     (no gloves)
MR     .....     Harm     .     (no boots)
Stlth  ++........               l - +5 amulet of reflection
                                (no ring)
                                (no ring)

@: paralysed
A: carnivore 3
a: Berserk, Trog's Hand, Burn Spellbooks, Renounce Religion


You were on level 6 of the Dungeon.
You worshipped Trog.
Trog was pleased with you.
You were completely stuffed.

You visited 2 branches of the dungeon, and saw 8 of its levels.
You also visited: Sewer.

You collected 266 gold pieces.

Inventory:

Hand Weapons
 a - a +1 hand crossbow
 m - a +1 short sword of protection
 q - a +0 short sword of venom
 y - a +0 dagger of venom (weapon)
 C - a +1 dagger of draining
Missiles
 d - 22 bolts
 A - 3 curare-tipped needles
Armour
 c - a +0 leather armour (worn)
 k - a cursed +0 helmet (worn)
 x - a +1 cloak (worn)
Jewellery
 b - an uncursed amulet of dismissal
 l - a +5 amulet of reflection (around neck)
 w - an uncursed amulet of guardian spirit
 D - an uncursed amulet of magic regeneration {unknown}
 E - an uncursed ring of protection from cold {unknown}
Wands
 j - a wand of slowing (22/48)
Scrolls
 e - 5 scrolls of identify
 g - 2 scrolls of immolation
 t - 2 scrolls of remove curse
 u - 2 scrolls of magic mapping
 v - 3 scrolls of teleportation {unknown}
 z - a scroll of blinking {unknown}
 B - a scroll of amnesia {unknown}
Potions
 h - 2 potions of heal wounds
 n - 3 potions of flight
 o - a potion of curing
 p - 2 potions of haste {unknown}
 r - 2 potions of magic {unknown}
 s - a potion of might {unknown}
Comestibles
 f - 4 meat rations
 i - 2 beef jerkies
 F - 4 chunks of flesh


   Skills:
 + Level 7.8 Fighting
 * Level 12.2 Crossbows
 - Level 2.4 Dodging
 - Level 1.3 Stealth


You had 8 spell levels left.
You didn't know any spells.

Dungeon Overview and Level Annotations

Branches:
Dungeon (7/15)             Temple (1/1) D:5

Altars:
Ashenzari
Cheibriados
Gozag
Hepliaklqana
Kikubaaqudgha
Makhleb
Nemelex Xobeh
Okawaru
Qazlal
Ru
Sif Muna
Trog
Vehumet
Xom
Yredelemnul
Zin
The Shining One

Annotations:
D:6 Grinder


Innate Abilities, Weirdness & Mutations

You are small and have problems with some larger weapons.
You are carnivorous and can eat meat at any time.


Message History

The killer bee zombie hits you but does no damage.
The killer bee zombie barely misses you.
Grinder hits you but does no damage.
Grinder looks more healthy.
The killer bee zombie hits you but does no damage.
Grinder gestures at you. Pain shoots through your body!
The killer bee zombie hits you.
The killer bee zombie hits you but does no damage.
Grinder hits you.
You writhe in agony.
The killer bee zombie hits you but does no damage.
The killer bee zombie hits you. Grinder hits you!
* * * LOW HITPOINT WARNING * * *
You writhe in agony.
* * * LOW HITPOINT WARNING * * *
The killer bee zombie hits you but does no damage.
The killer bee zombie barely misses you.
Grinder hits you.
* * * LOW HITPOINT WARNING * * *
You writhe in agony.
You die...

.%......######oo.s....
.....####.))...o######.
##### .#.#.###)..#.###.
###.#..###)...o.#..##. #
......#.#).#.##...#..
#.#......#.....#####... #
...#.#.##..##...###...
...###..5.######.†.......
#.....@....###.(.#.....
##....Z........(.......
#.##.................# #.
....##..<..........#
##.....%............#
#...#...............
.....#......###....(
............. ...o.
........[..... .....


You could see Grinder and a killer bee zombie.

Vanquished Creatures
  A hippogriff (D:7)
  An orc warrior (D:6)
  3 ice beasts
  3 black bears (D:7)
  A centaur (D:5)
  An ogre (D:5)
  2 big kobolds
  2 giant frogs (D:7)
  A crimson imp (D:6)
  3 hounds
  2 jellies
  A giant frog skeleton (D:7)
  3 orc priests
  6 orc wizards
  4 worker ants
  A hound zombie (D:6)
  A hound skeleton (D:4)
  A worker ant zombie (D:7)
  A gnoll (D:1)
  6 adders
  A river rat (Sewer)
  3 oozes
  An adder zombie (D:7)
  An adder skeleton (D:5)
  3 worms
  2 dart slugs
  3 giant geckos (D:4)
  26 orcs
  6 giant cockroaches
  5 goblins
  8 hobgoblins
  6 jackals
  18 kobolds
  A quokka (D:7)
  A ball python (D:5)
  5 bats
  8 giant newts
  7 rats
149 creatures vanquished.

Notes
Turn   | Place    | Note
-------+----------+-------------------------------------------
     0 | D:1      | Amnesiac the Kobold Hunter began the quest for the Orb.
     0 | D:1      | Reached XP level 1. HP: 12/12 MP: 1/1
    21 | D:1      | Reached skill level 5 in Crossbows
    70 | D:1      | Reached XP level 2. HP: 18/18 MP: 2/2
   220 | D:2      | Reached XP level 3. HP: 22/22 MP: 3/3
   609 | D:4      | Reached XP level 4. HP: 28/28 MP: 4/4
   677 | D:4      | Reached skill level 6 in Crossbows
   739 | D:4      | Found a glowing drain.
   761 | D:4      | Reached XP level 5. HP: 33/33 MP: 5/5
   779 | Sewer    | Entered a sewer
   905 | Sewer    | Noticed a big kobold
   922 | Sewer    | HP: 1/33 [big kobold/bolt (1)]
   986 | Sewer    | Killed a big kobold
   986 | Sewer    | Reached skill level 7 in Crossbows
  1036 | Sewer    | Reached XP level 6. HP: 31/38 MP: 6/6
  1078 | Sewer    | Found a white marble altar of Elyvilon.
  1342 | D:4      | Found a glowing silver altar of Zin.
  1342 | D:4      | Found a deep blue altar of Sif Muna.
  1485 | D:5      | Entered Level 5 of the Dungeon
  1596 | D:5      | Noticed an ogre
  1600 | D:5      | Killed an ogre
  1600 | D:5      | Reached skill level 8 in Crossbows
  1600 | D:5      | Reached XP level 7. HP: 44/44 MP: 7/7
  1603 | D:5      | Reached skill level 5 in Fighting
  1668 | D:5      | Found a staircase to the Ecumenical Temple.
  1693 | Temple   | Entered the Ecumenical Temple
  1821 | Temple   | Became a worshipper of Trog the Wrathful
  2554 | D:2      | Found an iron altar of Okawaru.
  3363 | D:3      | Reached * piety under Trog
  3853 | D:3      | Found a snail-covered altar of Cheibriados.
  3889 | D:3      | Reached skill level 9 in Crossbows
  3931 | D:3      | Found a basalt altar of Yredelemnul.
  4308 | D:5      | Reached XP level 8. HP: 18/51 MP: 8/8
  4737 | D:5      | Found a glowing golden altar of the Shining One.
  5060 | D:6      | Reached skill level 10 in Crossbows
  5419 | D:6      | Reached ** piety under Trog
  5870 | D:7      | Reached skill level 11 in Crossbows
  5870 | D:7      | Reached XP level 9. HP: 18/56 MP: 9/9
  6173 | D:7      | Found a radiant altar of Vehumet.
  6663 | D:7      | Found a stormy altar of Qazlal.
  6813 | D:7      | Reached skill level 12 in Crossbows
  7216 | D:6      | Noticed Grinder
  7238 | D:6      | Paralysed by Grinder for 6 turns
  7243 | D:6      | HP: 2/59 [Grinder (6)]
  7243 | D:6      | Slain by Grinder

Vault maps used:
D:1:      lemuel_arrival_lava_pool, serial_co_window_serial, co_window_corner_a,
          co_window_paths_a, co_window_corner_a, co_window_corner_a,
          co_window_paths_b, co_window_of_opportunity_c, co_window_2corner,
          co_window_2corner, co_window_paths_e, glass_columns_a,
          glass_columns_c, glass_columns_c, glass_columns_a
D:2:      kennysheep_okawaru_gauntlet
D:3:      marbit_many_paths, cheibriados_altar_1
D:4:      gammafunk_temple_overflow_elements, gup_sewer_entry_pipe, first_bread
D:5:      lemuel_upstairs_altar, kennysheep_mini_moat
D:6:      eat_drink_and_be_merry_uskayaw, uniq_grinder
D:7:      nicolae_overflow_hidden_temple, lemuel_coloured_pillars_altar,
          grunt_livestock, uniq_pikel
Temple:   dpeg_chambers_temple
Sewer:    sewer_kobolds

Skill      XL: |  1  2  3  4  5  6  7  8  9 |
---------------+----------------------------+-----
Crossbows      | 5 6 7 8 9 11 12 | 12.2
Fighting       | 3 4 5 6 7 |  7.8
Dodging        | |  2.4
Stealth        | |  1.3

Action                   |  1- 3 |  4- 6 |  7- 9 || total
-------------------------+-------+-------+-------++-------
Melee: Short sword       |       |   127 |    12 ||   139
       Dagger            |       |       |   384 ||   384
 Fire: Hand crossbow     |    34 |    49 |    79 ||   162
Invok: Trog's Hand       |       |       |     1 ||     1
  Use: Potion            |       |     1 |     3 ||     4
       Scroll            |       |       |     6 ||     6
 Stab: Sleeping          |       |     2 |     7 ||     9
       Distracted        |       |       |     1 ||     1
  Eat: Chunk             |     5 |     5 |    19 ||    29
Armor: Leather armour    |     2 |    34 |    92 ||   128
Dodge: Dodged            |    15 |    96 |   308 ||   419
Block: Other             |       |    31 |    99 ||   130
       Reflection        |       |     4 |     3 ||     7
